 Dungeon Crawl Stone Soup version 0.22.1-6-g1668fe2 (webtiles) character file.

275 Fang the Chopper (level 6, -4/39 HPs)
             Began as a Gargoyle Berserker on Jan 25, 2019.
             Was a Believer of Trog.
             Slain by an ogre
             ... wielding a +0 giant club
              (9 damage)
             ... on level 4 of the Dungeon.
             The game lasted 00:02:15 (2417 turns).

Fang the Chopper (Gargoyle Berserker)               Turns: 2417, Time: 00:02:16

Health: -4/39      AC: 15    Str: 23    XL:     6   Next: 25%
Magic:  0/6        EV:  7    Int:  7    God:    Trog [**....]
Gold:   173        SH:  0    Dex:  9    Spells: 5/5 levels left

rFire    . . .     SeeInvis .   a - +0 hand axe
rCold    . . .     Gourm    .   (no shield)
rNeg     + . .     Faith    .   n - +0 plate armour
rPois    ∞         Spirit   +   (no helmet)
rElec    +         Reflect  .   p - scarf {Spirit}
rCorr    .         Harm     .   (no gloves)
MR       .....                  (no boots)
Stlth    ..........             (no amulet)
HPRegen  0.13/turn              (no ring)
MPRegen  0.10/turn              (no ring)

@: no status effects
A: negative energy resistance 1, electricity resistance, unbreathing,
petrification resistance, rot immunity, AC +4
a: Berserk, Trog's Hand, Renounce Religion


You were on level 4 of the Dungeon.
You worshipped Trog.
Trog was pleased with you.
You were very hungry.

You visited 1 branch of the dungeon, and saw 4 of its levels.

You collected 173 gold pieces.

Inventory:

Hand Weapons
 a - a +0 hand axe (weapon)
Armour
 n - a +0 plate armour (worn)
 p - a scarf of spirit shield (worn)
Jewellery
 q - a +4 ring of dexterity {unknown}
 r - an uncursed ring of see invisible {unknown}
Wands
 j - a wand of paralysis (13)
Scrolls
 d - 2 scrolls of identify {unknown}
 e - 3 scrolls of teleportation {unknown}
 f - a scroll of noise {unknown}
 h - a scroll of fog {unknown}
 i - a scroll of enchant armour {unknown}
 l - a scroll of fear {unknown}
 o - a scroll of remove curse {unknown}
Potions
 b - a potion of heal wounds {unknown}
 g - 2 potions of curing {unknown}
 k - 2 potions of flight {unknown}
 m - a potion of magic {unknown}
Comestibles
 c - 2 rations


   Skills:
 + Level 4.4 Fighting
 + Level 4.8 Axes
 + Level 3.3 Armour
 + Level 2.3 Dodging


You had 5 spell levels left.
You didn't know any spells.
Your spell library was empty.

Dungeon Overview and Level Annotations

Branches:
Dungeon (4/15)
 Temple: D:4-7

Altars:
Kikubaaqudgha
Sif Muna
Vehumet


Innate Abilities, Weirdness & Mutations

You are resistant to torment.
Your stone body is resilient. (AC +4)
You are immune to poison.
You resist negative energy. (rN+)
You are resistant to electric shocks. (rElec)
You can survive without breathing.
You are immune to petrification.
You are immune to rotting.


Message History

The ogre hits you with a giant club!
* * * LOW HITPOINT WARNING * * *
You are too injured to fight recklessly!
You are too injured to fight recklessly!
You are too injured to fight recklessly!
You are too injured to fight recklessly!
You are too injured to fight recklessly!
You are too injured to fight recklessly!
You are too injured to fight recklessly!
You are too injured to fight recklessly!
Unknown command.
You are too injured to fight recklessly!
You hit the ogre.
The ogre is heavily wounded.
The ogre hits you with a giant club!
* * * LOW HITPOINT WARNING * * *
You hit the ogre.
The ogre is severely wounded.
The ogre hits you with a giant club!
You die...

#.# ##....# #.# #.##.#
#.# #.# .# #.# .# .#
#.# .##.# #.# ....#
#.# .[#.#
######.#########.<..#
................@O...#
#################....#
....# ##.## .# #


You could see an ogre.

Vanquished Creatures
  A bullfrog (D:3)
  An orc wizard (D:3)
  7 adders
  4 gnolls (D:3)
  A howler monkey skeleton (D:4)
  2 oozes (D:2)
  2 worms
  A dart slug (D:1)
  A leopard gecko (D:2)
  8 orcs (D:3)
  2 goblins
  8 hobgoblins
  4 jackals (D:2)
  2 bats (D:2)
  3 frilled lizards
  7 kobolds
  8 rats
62 creatures vanquished.

Notes
Turn   | Place    | Note
-------+----------+-------------------------------------------
     0 | D:1      | Fang the Gargoyle Berserker began the quest for the Orb.
     0 | D:1      | Reached XP level 1. HP: 14/14 MP: 1/1
   113 | D:1      | Reached XP level 2. HP: 15/19 MP: 2/2
   683 | D:2      | Reached XP level 3. HP: 20/24 MP: 3/3
   862 | D:2      | Reached ** piety under Trog
   934 | D:2      | Reached XP level 4. HP: 29/29 MP: 4/4
  1350 | D:3      | Noticed a bullfrog
  1363 | D:3      | Killed a bullfrog
  1363 | D:3      | Reached XP level 5. HP: 21/33 MP: 5/5
  1677 | D:3      | Reached XP level 6. HP: 39/39 MP: 6/6
  1730 | D:3      | Found an ancient bone altar of Kikubaaqudgha.
  2277 | D:3      | Found a deep blue altar of Sif Muna.
  2279 | D:3      | Found a radiant altar of Vehumet.
  2417 | D:4      | Slain by an ogre

Skill      XL: |  1  2  3  4  5 |
---------------+----------------+-----
Axes           | 3 4 |  4.8
Dodging        | 2 |  2.3
Fighting       | 4 |  4.4
Armour         | 3 |  3.3

Action                   |  1- 3 |  4- 6 || total
-------------------------+-------+-------++-------
Melee: Hand axe          |   112 |   165 ||   277
Invok: Berserk           |       |     1 ||     1
  Eat: Chunk             |       |     5 ||     5
Armor: Animal skin       |    10 |       ||    10
       Chain mail        |    50 |    85 ||   135
       Plate armour      |       |    27 ||    27
Dodge: Dodged            |    52 |    75 ||   127
